WCHLSIM.com - West Coast Hockey League
html PUBLIC "-//W3C//DTD XHTML 1.0 Transitional//EN" "http://www.w3.org/TR/xhtml1/DTD/xhtml1-transitional.dtd"> WCHL - Game 692 - PORTLAND PIRATES vs SAN FRANCISCO SPIDERS

PORTLAND PIRATES vs SAN FRANCISCO SPIDERS

Created - 20 janvier 2024 at 07:03

Goals
1 2 3 T
PORTLAND PIRATES 1 0 1 2
SAN FRANCISCO SPIDERS 1 1 2 4
Shots
1 2 3 T
PORTLAND PIRATES 6 10 8 24
SAN FRANCISCO SPIDERS 11 13 14 38

1st period

1. PORTLAND PIRATES , Mika Zibanejad 26 (Chandler Stephenson 24) at 16:05 (PP)
2. SAN FRANCISCO SPIDERS , Sebastian Aho 15 (Andrei Svechnikov 18, Zach Hyman 28) at 19:35

Penalties :
Brenden Dillon (SAF) for Roughing (Minor) at 0:39, Sebastian Aho (SAF) for Holding (Minor) at 15:35

2nd period

3. SAN FRANCISCO SPIDERS , Andrei Svechnikov 15 (Darnell Nurse 27, Zach Hyman 29) at 3:55

Penalties :
Brenden Dillon (SAF) for Hooking (Minor) at 6:26, Darnell Nurse (SAF) for Hooking (Minor) at 13:49

3rd period

4. SAN FRANCISCO SPIDERS , Viktor Arvidsson 15 (Bo Horvat 33) at 6:39 (PP)
5. SAN FRANCISCO SPIDERS , Bo Horvat 20 (Zach Hyman 30, Viktor Arvidsson 12) at 8:35 (PP)
6. PORTLAND PIRATES , Mika Zibanejad 27 (Travis Konecny 27, Pavel Zacha 20) at 15:11

Penalties :
Yanni Gourde (POR) for Tripping (Minor) at 1:18, Nathan Bastian (POR) for Tripping (Minor) at 6:37, Travis Hamonic (POR) for Slashing (Minor) at 7:14, Brett Pesce (POR) for Holding (Minor) at 10:03

Goalie Stats

Cameron Talbot (POR), 34 saves from 38 shots - (0,895), L, 3-3-0, 60:00 minutes
Igor Shesterkin (SAF), 22 saves from 24 shots - (0,917), W, 25-9-2, 60:00 minutes

Players Stats for PORTLAND PIRATES

Player Name              G  A  P  +/- PIM S  H  SB GA TA FO     MP     PP MP  PK MP  
------------------------------------------------------------------------------------
Alec Martinez            0  0  0  -1  0   0  0  1  0  0  0/0    17:18   0:00   2:41 
Brett Pesce              0  0  0   1  2   0  0  2  0  0  0/0    19:03   0:44   2:05 
Brian Dumoulin           0  0  0  -1  0   0  0  2  0  0  0/0    19:21   0:00   2:01 
Chandler Stephenson      0  1  1  -1  0   1  2  0  0  0  13/20  18:24   2:46   0:03 
Marc Staal               0  0  0  -1  0   0  1  3  0  0  0/0    20:27   0:00   3:07 
Michael Amadio           0  0  0  -1  0   2  0  1  0  0  0/1    14:41   3:36   0:48 
Michael McLeod           0  0  0  -1  0   1  0  1  0  0  14/22  14:54   0:00   4:30 
Mika Zibanejad           2  0  2   1  0   5  0  0  0  0  16/25  18:04   2:46   0:00 
Nathan Bastian           0  0  0   0  2   0  0  0  0  0  0/0    11:29   0:00   4:28 
Nick Holden              0  0  0  -1  0   0  2  2  0  0  0/0    18:48   3:36   0:35 
Pavel Zacha              0  1  1   1  0   3  1  0  0  0  0/2    18:29   3:11   0:00 
Robert Thomas            0  0  0  -1  0   1  0  0  0  0  4/5    19:16   3:41   0:00 
Ryan Donato              0  0  0   0  0   0  0  0  0  0  3/6     7:02   0:00   0:00 
Samuel Blais             0  0  0   0  0   0  0  0  0  0  0/1     9:20   2:07   0:18 
Travis Hamonic           0  0  0   1  2   1  4  2  0  0  0/0    19:18   2:51   0:13 
Travis Konecny           0  1  1   1  0   8  0  0  0  0  0/0    18:04   2:46   0:00 
William Carrier          0  0  0  -1  0   0  1  0  0  0  0/3    10:47   0:30   0:00 
Yanni Gourde             0  0  0  -1  2   2  1  0  0  0  1/2    19:50   3:41   0:35 

Players Stats for SAN FRANCISCO SPIDERS

Player Name              G  A  P  +/- PIM S  H  SB GA TA FO     MP     PP MP  PK MP  
------------------------------------------------------------------------------------
Andrei Svechnikov        1  1  2   1  0   3  1  0  0  0  1/2    18:50   2:28   0:00 
Bo Horvat                1  1  2   0  0   6  0  0  0  0  18/30  22:54   2:53   3:56 
Brenden Dillon           0  0  0   1  4   0  5  2  0  0  0/0    20:05   2:44   1:12 
Brock Faber              0  0  0   1  0   0  0  1  0  0  0/0    25:34   2:37   3:20 
Dakota Joshua            0  0  0   0  0   0  1  0  0  0  0/3     4:45   0:00   0:12 
Darnell Nurse            0  1  1   2  2   1  1  1  0  0  0/0    23:36   2:44   2:07 
Eeli Tolvanen            0  0  0   0  0   0  0  0  0  0  0/0     4:33   0:00   0:00 
Erik Gudbranson          0  0  0  -1  0   0  2  0  0  0  0/0    14:55   0:00   2:31 
Jack Roslovic            0  0  0   0  0   2  1  0  0  0  0/0    13:43   0:00   2:31 
Jacob Middleton          0  0  0  -1  0   1  1  2  0  0  0/0    12:24   0:00   0:00 
Jared McCann             0  0  0   0  0   5  2  0  0  0  0/0    18:33   2:28   0:00 
Kirby Dach               0  0  0   0  0   3  0  0  0  0  6/19   11:12   0:00   0:00 
Kyle Palmieri            0  0  0   0  0   2  0  0  0  0  0/0    11:12   0:00   0:00 
Michael Anderson         0  0  0   0  0   2  0  4  0  0  0/0    23:23   2:37   3:44 
Sam Lafferty             0  0  0   0  0   1  0  0  0  0  0/0     4:33   0:00   0:00 
Sebastian Aho            1  0  1   1  2   3  1  0  0  0  11/25  21:26   2:28   2:37 
Viktor Arvidsson         1  1  2   0  0   3  0  0  0  0  0/1    18:58   2:53   0:00 
Zach Hyman               0  3  3   1  0   6  0  1  0  0  0/7    22:53   2:53   3:38 

3 Stars

1 - Andrei Svechnikov (SAF)
2 - Mika Zibanejad (POR)
3 - Zach Hyman (SAF)

Power Play

PORTLAND PIRATES - 1 on 4 Attempt(s) - 25,00%
SAN FRANCISCO SPIDERS - 2 on 4 Attempt(s) - 50,00%

Penalty Kill

PORTLAND PIRATES - 2 on 4 Attempt(s) - 50,00% - Score 0 goal in Penalty Kill
SAN FRANCISCO SPIDERS - 3 on 4 Attempt(s) - 75,00% - Score 0 goal in Penalty Kill

Team Stat

PORTLAND PIRATES - Hits : 12 - Faceoff Wins : 51 - Blocked Shots : 14 - Penalty Minutes : 8
SAN FRANCISCO SPIDERS - Hits : 15 - Faceoff Wins : 36 - Blocked Shots : 11 - Penalty Minutes : 8

Official

Referees : Wes McCauley and Chris Schlenker
Linesman : Jonny Murray and Bryan Pancich

Game Notes

No Game Note

Finance

Level 1 -- Attendance: 6105 (100,00%) -- Ticket Income 915 750 $
Level 2 -- Attendance: 4800 (92,66%) -- Ticket Income 480 000 $
Level 3 -- Attendance: 2035 (100,00%) -- Ticket Income 162 800 $
Level 4 -- Attendance: 4180 (100,00%) -- Ticket Income 250 800 $
Luxury Box -- Attendance: 971 (97,10%) -- Ticket Income 291 300 $
Game was played at the Bay Area Sports Center.
Total Attendance: 18091 (97,79%)
Total Ticket Income: 2 100 650 $
Other Expense: 21 006 $
Total Income: 2 079 644 $

PORTLAND PIRATES

5 vs 5 Forward 
   Center                   Left Wing                Right Wing               Time % Phy DF OF 
 1 Mika Zibanejad           Pavel Zacha              Travis Konecny           33     0   2  3  
 2 Chandler Stephenson      Yanni Gourde             Robert Thomas            33     0   2  3  
 3 Michael McLeod           William Carrier          Michael Amadio           24     0   3  2  
 4 Ryan Donato              Samuel Blais             Nathan Bastian           10     0   3  2  

5 vs 5 Defense 
   Defense                  Defense                                           Time % Phy DF OF 
 1 Brett Pesce              Travis Hamonic                                    34     0   4  1  
 2 Brian Dumoulin           Marc Staal                                        34     0   4  1  
 3 Alec Martinez            Nick Holden                                       22     0   4  1  
 4 Alec Martinez            Nick Holden                                       10     0   4  1  

PowerPlay Forward 
   Center                   Left Wing                Right Wing               Time % Phy DF OF 
 1 Mika Zibanejad           Chandler Stephenson      Travis Konecny           60     0   0  5  
 2 Robert Thomas            Pavel Zacha              Yanni Gourde             40     0   0  5  

PowerPlay Defense
   Defense                  Defense                                           Time % Phy DF OF 
 1 Nick Holden              Michael Amadio                                    60     0   1  4  
 2 Travis Hamonic           Samuel Blais                                      40     0   1  4  

Penalty Kill 4 Players Forward 
   Center                   Wing                     Time % Phy DF OF 
 1 Michael McLeod           Nathan Bastian           60     0   5  0  
 2 Yanni Gourde             Michael Amadio           40     0   5  0  

Penalty Kill 4 Players Defense
   Defense                  Defense                  Time % Phy DF OF 
 1 Brett Pesce              Marc Staal               60     0   5  0  
 2 Brian Dumoulin           Alec Martinez            40     0   5  0  

Penalty Kill - 3 Players Forward 
   Forward                                           Time % Phy DF OF 
 1 Michael McLeod                                    55     0   5  0  
 2 Chandler Stephenson                               45     0   5  0  

Penalty Kill - 3 Players Defense
   Defense                  Defense                  Time % Phy DF OF 
 1 Brian Dumoulin           Travis Hamonic           55     0   5  0  
 2 Brett Pesce              Marc Staal               45     0   5  0  

4 vs 4 Forward 
   Center                   Wing                     Time % Phy DF OF 
 1 Mika Zibanejad           Travis Konecny           55     0   1  4  
 2 Chandler Stephenson      Robert Thomas            45     0   1  4  

4 vs 4 Defense
   Defense                  Defense                  Time % Phy DF OF 
 1 Alec Martinez            Nick Holden              55     0   2  3  
 2 Marc Staal               Travis Hamonic           45     0   2  3  

Last Minutes Offensive
   Center                   Left Wing                Right Wing               Defense                  Defense                  
   Mika Zibanejad           Travis Konecny           Robert Thomas            Brian Dumoulin           Brett Pesce              

Last Minutes Defensive
   Center                   Left Wing                Right Wing               Defense                  Defense                  
   Michael McLeod           Chandler Stephenson      Yanni Gourde             Brian Dumoulin           Brett Pesce              

Goaltenders
Starting : Cameron Talbot           
Backup : Martin Jones             

Extra Forwards
Normal : William Carrier, Michael McLeod, Michael Amadio - PP : William Carrier, Michael Amadio - PK : Samuel Blais
Extra Defensemen
Normal : Alec Martinez, Marc Staal, Travis Hamonic - PP : Brett Pesce - PK : Alec Martinez, Nick Holden
Penalty Shots
Mika Zibanejad, Travis Konecny, Robert Thomas, Chandler Stephenson, Pavel Zacha
Custom OT Lines Forwards
Mika Zibanejad, Robert Thomas, Travis Konecny, Chandler Stephenson, Yanni Gourde, Pavel Zacha, William Carrier, Michael McLeod, Michael Amadio, Samuel Blais
Custom OT Lines Defensemen
Brett Pesce, Brian Dumoulin, Travis Hamonic, Marc Staal, Nick Holden

Scratches
Ryan McLeod (Left Hip Injury), Thomas Chabot (Healthy), Sam Steel (Back Spasms Injury)

SAN FRANCISCO SPIDERS

5 vs 5 Forward 
   Center                   Left Wing                Right Wing               Time % Phy DF OF 
 1 Sebastian Aho            Zach Hyman               Andrei Svechnikov        38     0   1  4  
 2 Bo Horvat                Jared McCann             Viktor Arvidsson         37     0   1  4  
 3 Kirby Dach               Jack Roslovic            Kyle Palmieri            20     0   3  2  
 4 Dakota Joshua            Sam Lafferty             Eeli Tolvanen            5      0   4  1  

5 vs 5 Defense 
   Defense                  Defense                                           Time % Phy DF OF 
 1 Darnell Nurse            Brenden Dillon                                    35     0   4  1  
 2 Michael Anderson         Brock Faber                                       35     0   4  1  
 3 Erik Gudbranson          Jacob Middleton                                   20     0   4  1  
 4 Darnell Nurse            Brock Faber                                       10     0   4  1  

PowerPlay Forward 
   Center                   Left Wing                Right Wing               Time % Phy DF OF 
 1 Sebastian Aho            Andrei Svechnikov        Jared McCann             55     0   0  5  
 2 Bo Horvat                Zach Hyman               Viktor Arvidsson         45     0   0  5  

PowerPlay Defense
   Defense                  Defense                                           Time % Phy DF OF 
 1 Darnell Nurse            Brenden Dillon                                    55     0   1  4  
 2 Michael Anderson         Brock Faber                                       45     0   1  4  

Penalty Kill 4 Players Forward 
   Center                   Wing                     Time % Phy DF OF 
 1 Zach Hyman               Bo Horvat                55     0   5  0  
 2 Sebastian Aho            Jack Roslovic            45     0   5  0  

Penalty Kill 4 Players Defense
   Defense                  Defense                  Time % Phy DF OF 
 1 Darnell Nurse            Brenden Dillon           55     0   5  0  
 2 Brock Faber              Michael Anderson         45     0   5  0  

Penalty Kill - 3 Players Forward 
   Forward                                           Time % Phy DF OF 
 1 Zach Hyman                                        55     0   5  0  
 2 Bo Horvat                                         45     0   5  0  

Penalty Kill - 3 Players Defense
   Defense                  Defense                  Time % Phy DF OF 
 1 Darnell Nurse            Brenden Dillon           55     0   5  0  
 2 Brock Faber              Michael Anderson         45     0   5  0  

4 vs 4 Forward 
   Center                   Wing                     Time % Phy DF OF 
 1 Zach Hyman               Bo Horvat                55     1   2  2  
 2 Sebastian Aho            Viktor Arvidsson         45     1   2  2  

4 vs 4 Defense
   Defense                  Defense                  Time % Phy DF OF 
 1 Darnell Nurse            Brenden Dillon           55     1   2  2  
 2 Michael Anderson         Brock Faber              45     1   2  2  

Last Minutes Offensive
   Center                   Left Wing                Right Wing               Defense                  Defense                  
   Zach Hyman               Sebastian Aho            Viktor Arvidsson         Darnell Nurse            Brenden Dillon           

Last Minutes Defensive
   Center                   Left Wing                Right Wing               Defense                  Defense                  
   Zach Hyman               Sebastian Aho            Viktor Arvidsson         Darnell Nurse            Brenden Dillon           

Goaltenders
Starting : Igor Shesterkin          
Backup : Kevin Lankinen           

Extra Forwards
Normal : Dakota Joshua, Jared McCann, Zach Hyman - PP : Dakota Joshua, Jared McCann - PK : Zach Hyman
Extra Defensemen
Normal : Darnell Nurse, Brock Faber, Brenden Dillon - PP : Michael Anderson - PK : Darnell Nurse, Erik Gudbranson
Penalty Shots
Zach Hyman, Bo Horvat, Sebastian Aho, Viktor Arvidsson, Andrei Svechnikov
Custom OT Lines Forwards
Zach Hyman, Bo Horvat, Sebastian Aho, Viktor Arvidsson, Andrei Svechnikov, Jared McCann, Dakota Joshua, Kyle Palmieri, Kirby Dach, Eeli Tolvanen
Custom OT Lines Defensemen
Darnell Nurse, Brock Faber, Brenden Dillon, Erik Gudbranson, Michael Anderson

Scratches
Sean Durzi (Fractured Left Foot Injury)

% Time on Ice - PORTLAND PIRATES

Lines # - Real PCT - Wanted PCT - Time Play
Normal Forward
1 - 32% - 33% - 15:18
2 - 32% - 33% - 15:35
3 - 21% - 24% - 10:17
4 - 15% - 10% - 7:02
Normal Defense
1 - 34% - 34% - 16:15
2 - 36% - 34% - 17:20
3 - 23% - 22% - 10:53
4 - 8% - 10% - 3:44
PP Forward
1 - 43% - 60% - 2:46
2 - 57% - 40% - 3:41
PP Defense
1 - 56% - 60% - 3:36
2 - 44% - 40% - 2:51
PK Forward
1 - 85% - 60% - 4:33
2 - 15% - 40% - 0:48
PK Defense
1 - 62% - 60% - 3:20
2 - 38% - 40% - 2:01
PK3 Forward
1 - 0% - 55%
2 - 0% - 45%
PK3 Defense
1 - 0% - 55%
2 - 0% - 45%
44 Forward
1 - 0% - 55%
2 - 0% - 45%
44 Defense
1 - 0% - 55%
2 - 0% - 45%
Last Minute Offensive  - 0:00
Last Minute Defensive  - 0:00
Total
Forward - 60:00
Defense - 60:00

% Time on Ice - SAN FRANCISCO SPIDERS

Lines # - Real PCT - Wanted PCT - Time Play
Normal Forward
1 - 34% - 38% - 16:22
2 - 33% - 37% - 16:05
3 - 23% - 20% - 11:12
4 - 9% - 5% - 4:33
Normal Defense
1 - 34% - 35% - 16:11
2 - 35% - 35% - 17:02
3 - 26% - 20% - 12:24
4 - 5% - 10% - 2:35
PP Forward
1 - 46% - 55% - 2:28
2 - 54% - 45% - 2:53
PP Defense
1 - 51% - 55% - 2:44
2 - 49% - 45% - 2:37
PK Forward
1 - 61% - 55% - 3:56
2 - 39% - 45% - 2:31
PK Defense
1 - 48% - 55% - 3:07
2 - 52% - 45% - 3:20
PK3 Forward
1 - 0% - 55%
2 - 0% - 45%
PK3 Defense
1 - 0% - 55%
2 - 0% - 45%
44 Forward
1 - 0% - 55%
2 - 0% - 45%
44 Defense
1 - 0% - 55%
2 - 0% - 45%
Last Minute Offensive  - 0:00
Last Minute Defensive  - 0:00
Total
Forward - 60:00
Defense - 60:00

Play-by-Play

1st period


0:01 of 1st period - Mika Zibanejad wins face-off versus Sebastian Aho in neutral zone.
0:05 of 1st period - Mika Zibanejad is hit by Brenden Dillon and loses puck.
0:38 of 1st period - Travis Konecny is hit by Brenden Dillon and loses puck.
0:39 of 1st period - Minor Penalty to Brenden Dillon for Roughing.
0:40 of 1st period - Robert Thomas wins face-off versus Zach Hyman in SAN FRANCISCO SPIDERS zone.
1:05 of 1st period - Shot by Pavel Zacha.
1:05 of 1st period - Stopped by Igor Shesterkin without a rebound.
1:06 of 1st period - Sebastian Aho wins face-off versus Mika Zibanejad in SAN FRANCISCO SPIDERS zone.
2:06 of 1st period - Shot by Yanni Gourde.
2:06 of 1st period - Stopped by Igor Shesterkin without a rebound.
2:07 of 1st period - Robert Thomas wins face-off versus Sebastian Aho in SAN FRANCISCO SPIDERS zone.
2:14 of 1st period - Shot by Yanni Gourde.
2:14 of 1st period - Deflect By Robert Thomas.
2:14 of 1st period - Shot Blocked by Darnell Nurse.
2:38 of 1st period - Shot by Pavel Zacha.
2:38 of 1st period - Stopped by Igor Shesterkin with a rebound.
2:59 of 1st period - Off-side.
3:00 of 1st period - Chandler Stephenson wins face-off versus Bo Horvat in neutral zone.
3:16 of 1st period - Shot by Chandler Stephenson.
3:16 of 1st period - Stopped by Igor Shesterkin without a rebound.
3:17 of 1st period - Kirby Dach wins face-off versus Michael McLeod in SAN FRANCISCO SPIDERS zone.
3:17 of 1st period - Kirby Dach is hit by William Carrier.
3:25 of 1st period - Shot by William Carrier.
3:25 of 1st period - Shot Blocked by Brenden Dillon.
4:02 of 1st period - Kirby Dach is hit by Chandler Stephenson and loses puck.
4:15 of 1st period - Shot by Robert Thomas.
4:15 of 1st period - Deflect By Chandler Stephenson.
4:15 of 1st period - Shot Misses the Net.
5:05 of 1st period - Shot by Jared McCann.
5:05 of 1st period - Shot Misses the Net.
5:07 of 1st period - Shot by Michael Anderson.
5:07 of 1st period - Shot Blocked by Travis Hamonic.
5:09 of 1st period - Shot by Michael Anderson.
5:09 of 1st period - Stopped by Cameron Talbot without a rebound.
5:10 of 1st period - Sebastian Aho wins face-off versus Ryan Donato in PORTLAND PIRATES zone.
5:33 of 1st period - Shot by Zach Hyman.
5:33 of 1st period - Shot Misses the Net.
5:41 of 1st period - Shot by Zach Hyman.
5:41 of 1st period - Shot Misses the Net.
5:47 of 1st period - Shot by Sebastian Aho.
5:47 of 1st period - Stopped by Cameron Talbot without a rebound.
5:48 of 1st period - Mika Zibanejad wins face-off versus Bo Horvat in PORTLAND PIRATES zone.
7:12 of 1st period - Shot by Sebastian Aho.
7:12 of 1st period - Shot Misses the Net.
7:14 of 1st period - Shot by Michael Anderson.
7:14 of 1st period - Stopped by Cameron Talbot with a rebound.
7:56 of 1st period - Shot by Chandler Stephenson.
7:56 of 1st period - Shot Misses the Net.
7:58 of 1st period - Shot by Yanni Gourde.
7:58 of 1st period - Shot Misses the Net.
8:07 of 1st period - Yanni Gourde is hit by Brenden Dillon and loses puck.
8:33 of 1st period - Off-side.
8:34 of 1st period - Bo Horvat wins face-off versus Michael McLeod in neutral zone.
8:53 of 1st period - Shot by Jared McCann.
8:53 of 1st period - Stopped by Cameron Talbot with a rebound.
9:08 of 1st period - Bo Horvat is hit by Nick Holden and loses puck.
9:49 of 1st period - Shot by Sebastian Aho.
9:49 of 1st period - Shot Blocked by Alec Martinez.
11:18 of 1st period - Shot by Kirby Dach.
11:18 of 1st period - Deflect By Kyle Palmieri.
11:18 of 1st period - Shot Misses the Net.
12:37 of 1st period - Shot by Eeli Tolvanen.
12:37 of 1st period - Shot Misses the Net.
12:54 of 1st period - Shot by Travis Konecny.
12:54 of 1st period - Shot Misses the Net.
12:56 of 1st period - Shot by Travis Konecny.
12:56 of 1st period - Stopped by Igor Shesterkin without a rebound.
12:57 of 1st period - Sebastian Aho wins face-off versus Chandler Stephenson in SAN FRANCISCO SPIDERS zone.
13:09 of 1st period - Off-side.
13:10 of 1st period - Mika Zibanejad wins face-off versus Kirby Dach in neutral zone.
13:15 of 1st period - Shot by Travis Konecny.
13:15 of 1st period - Shot Blocked by Jacob Middleton.
13:18 of 1st period - Icing by Jack Roslovic.
13:19 of 1st period - Chandler Stephenson wins face-off versus Kirby Dach in SAN FRANCISCO SPIDERS zone.
13:37 of 1st period - Shot by Kirby Dach.
13:37 of 1st period - Shot Misses the Net.
13:39 of 1st period - Shot by Kyle Palmieri.
13:39 of 1st period - Shot Blocked by Nick Holden.
13:41 of 1st period - Shot by Jacob Middleton.
13:41 of 1st period - Stopped by Cameron Talbot without a rebound.
13:42 of 1st period - Bo Horvat wins face-off versus Pavel Zacha in PORTLAND PIRATES zone.
14:25 of 1st period - Shot by Jared McCann.
14:25 of 1st period - Shot Misses the Net.
14:27 of 1st period - Shot by Viktor Arvidsson.
14:27 of 1st period - Shot Misses the Net.
14:29 of 1st period - Shot by Darnell Nurse.
14:29 of 1st period - Shot Misses the Net.
14:55 of 1st period - Icing by Travis Hamonic.
14:56 of 1st period - Kirby Dach wins face-off versus Chandler Stephenson in PORTLAND PIRATES zone.
14:59 of 1st period - Shot by Jack Roslovic.
14:59 of 1st period - Shot Misses the Net.
15:33 of 1st period - Shot by Kyle Palmieri.
15:33 of 1st period - Stopped by Cameron Talbot without a rebound.
15:34 of 1st period - Michael McLeod wins face-off versus Sebastian Aho in PORTLAND PIRATES zone.
15:34 of 1st period - Michael McLeod is hit by Sebastian Aho.
15:35 of 1st period - Minor Penalty to Sebastian Aho for Holding.
15:36 of 1st period - Mika Zibanejad wins face-off versus Zach Hyman in SAN FRANCISCO SPIDERS zone.
15:46 of 1st period - Icing by Travis Konecny.
15:47 of 1st period - Mika Zibanejad wins face-off versus Zach Hyman in PORTLAND PIRATES zone.
16:03 of 1st period - Shot by Chandler Stephenson.
16:03 of 1st period - Shot Misses the Net.
16:05 of 1st period - Shot by Mika Zibanejad.
16:05 of 1st period - Goal by Mika Zibanejad - PORTLAND PIRATES : 1 - SAN FRANCISCO SPIDERS : 0.
16:06 of 1st period - Ryan Donato wins face-off versus Kirby Dach in neutral zone.
16:24 of 1st period - Shot by Kirby Dach.
16:24 of 1st period - Deflect By Kyle Palmieri.
16:24 of 1st period - Stopped by Cameron Talbot without a rebound.
16:25 of 1st period - Bo Horvat wins face-off versus Michael McLeod in PORTLAND PIRATES zone.
16:28 of 1st period - Shot by Bo Horvat.
16:28 of 1st period - Stopped by Cameron Talbot without a rebound.
16:29 of 1st period - Sebastian Aho wins face-off versus William Carrier in PORTLAND PIRATES zone.
16:36 of 1st period - Shot by Zach Hyman.
16:36 of 1st period - Shot Misses the Net.
17:31 of 1st period - Shot by Bo Horvat.
17:31 of 1st period - Stopped by Cameron Talbot without a rebound.
17:32 of 1st period - Bo Horvat wins face-off versus Pavel Zacha in PORTLAND PIRATES zone.
17:35 of 1st period - Shot by Viktor Arvidsson.
17:35 of 1st period - Shot Misses the Net.
18:19 of 1st period - Shot by Jared McCann.
18:19 of 1st period - Stopped by Cameron Talbot without a rebound.
18:20 of 1st period - Chandler Stephenson wins face-off versus Sebastian Aho in PORTLAND PIRATES zone.
18:51 of 1st period - Michael Anderson is hit by Chandler Stephenson and loses puck.
18:57 of 1st period - Off-side.
18:58 of 1st period - Kirby Dach wins face-off versus Michael McLeod in neutral zone.
19:09 of 1st period - Shot by Kyle Palmieri.
19:09 of 1st period - Shot Blocked by Michael Amadio.
19:14 of 1st period - Icing by Michael McLeod.
19:15 of 1st period - Bo Horvat wins face-off versus Michael McLeod in PORTLAND PIRATES zone.
19:22 of 1st period - Shot by Viktor Arvidsson.
19:22 of 1st period - Shot Misses the Net.
19:25 of 1st period - Icing by William Carrier.
19:26 of 1st period - Sebastian Aho wins face-off versus Michael Amadio in PORTLAND PIRATES zone.
19:33 of 1st period - Shot by Andrei Svechnikov.
19:33 of 1st period - Shot Misses the Net.
19:35 of 1st period - Shot by Sebastian Aho.
19:35 of 1st period - Goal by Sebastian Aho - PORTLAND PIRATES : 1 - SAN FRANCISCO SPIDERS : 1.
19:36 of 1st period - Mika Zibanejad wins face-off versus Bo Horvat in neutral zone.
19:36 of 1st period - Mika Zibanejad is hit by Jared McCann.
Goals for this period are 1 for PORTLAND PIRATES vs 1 for SAN FRANCISCO SPIDERS.
Shots for this period are 6 for PORTLAND PIRATES vs 11 for SAN FRANCISCO SPIDERS.

2nd period


0:01 of 2nd period - Chandler Stephenson wins face-off versus Bo Horvat in neutral zone.
1:30 of 2nd period - Shot by Zach Hyman.
1:30 of 2nd period - Stopped by Cameron Talbot without a rebound.
1:31 of 2nd period - Mika Zibanejad wins face-off versus Kirby Dach in PORTLAND PIRATES zone.
1:39 of 2nd period - Shot by Kirby Dach.
1:39 of 2nd period - Stopped by Cameron Talbot without a rebound.
1:40 of 2nd period - Mika Zibanejad wins face-off versus Kirby Dach in PORTLAND PIRATES zone.
1:42 of 2nd period - Icing by Travis Konecny.
1:43 of 2nd period - Mika Zibanejad wins face-off versus Zach Hyman in PORTLAND PIRATES zone.
2:10 of 2nd period - Shot by Zach Hyman.
2:10 of 2nd period - Stopped by Cameron Talbot without a rebound.
2:11 of 2nd period - Bo Horvat wins face-off versus William Carrier in PORTLAND PIRATES zone.
2:20 of 2nd period - Icing by Brett Pesce.
2:21 of 2nd period - Michael McLeod wins face-off versus Bo Horvat in PORTLAND PIRATES zone.
3:18 of 2nd period - Shot by Mika Zibanejad.
3:18 of 2nd period - Stopped by Igor Shesterkin without a rebound.
3:19 of 2nd period - Chandler Stephenson wins face-off versus Sebastian Aho in SAN FRANCISCO SPIDERS zone.
3:49 of 2nd period - Shot by Zach Hyman.
3:49 of 2nd period - Shot Blocked by Nick Holden.
3:51 of 2nd period - Shot by Andrei Svechnikov.
3:51 of 2nd period - Shot Misses the Net.
3:53 of 2nd period - Shot by Darnell Nurse.
3:53 of 2nd period - Shot Misses the Net.
3:55 of 2nd period - Shot by Andrei Svechnikov.
3:55 of 2nd period - Goal by Andrei Svechnikov - PORTLAND PIRATES : 1 - SAN FRANCISCO SPIDERS : 2.
3:56 of 2nd period - Mika Zibanejad wins face-off versus Kirby Dach in neutral zone.
4:09 of 2nd period - Shot by Travis Konecny.
4:09 of 2nd period - Stopped by Igor Shesterkin without a rebound.
4:10 of 2nd period - Michael McLeod wins face-off versus Dakota Joshua in SAN FRANCISCO SPIDERS zone.
4:13 of 2nd period - Shot by William Carrier.
4:13 of 2nd period - Shot Misses the Net.
4:15 of 2nd period - Shot by Brett Pesce.
4:15 of 2nd period - Shot Blocked by Michael Anderson.
4:32 of 2nd period - Off-side.
4:33 of 2nd period - Sebastian Aho wins face-off versus Mika Zibanejad in neutral zone.
4:44 of 2nd period - Shot by Sebastian Aho.
4:44 of 2nd period - Stopped by Cameron Talbot without a rebound.
4:45 of 2nd period - Bo Horvat wins face-off versus Chandler Stephenson in PORTLAND PIRATES zone.
4:46 of 2nd period - Shot by Jared McCann.
4:46 of 2nd period - Stopped by Cameron Talbot without a rebound.
4:47 of 2nd period - Sebastian Aho wins face-off versus Mika Zibanejad in PORTLAND PIRATES zone.
5:06 of 2nd period - Shot by Travis Konecny.
5:06 of 2nd period - Stopped by Igor Shesterkin with a rebound.
5:19 of 2nd period - Off-side.
5:20 of 2nd period - Michael McLeod wins face-off versus Bo Horvat in neutral zone.
5:25 of 2nd period - Shot by Michael Amadio.
5:25 of 2nd period - Stopped by Igor Shesterkin without a rebound.
5:26 of 2nd period - Chandler Stephenson wins face-off versus Bo Horvat in SAN FRANCISCO SPIDERS zone.
5:37 of 2nd period - Shot by Robert Thomas.
5:37 of 2nd period - Stopped by Igor Shesterkin with a rebound.
5:39 of 2nd period - Shot by Yanni Gourde.
5:39 of 2nd period - Shot Blocked by Michael Anderson.
5:41 of 2nd period - Shot by Brett Pesce.
5:41 of 2nd period - Shot Misses the Net.
5:43 of 2nd period - Shot by Travis Hamonic.
5:43 of 2nd period - Stopped by Igor Shesterkin without a rebound.
5:44 of 2nd period - Sebastian Aho wins face-off versus Mika Zibanejad in SAN FRANCISCO SPIDERS zone.
6:00 of 2nd period - Mika Zibanejad is hit by Brenden Dillon and loses puck.
6:26 of 2nd period - Minor Penalty to Brenden Dillon for Hooking.
6:27 of 2nd period - Robert Thomas wins face-off versus Zach Hyman in SAN FRANCISCO SPIDERS zone.
7:32 of 2nd period - Shot by Travis Konecny.
7:32 of 2nd period - Shot Blocked by Michael Anderson.
7:34 of 2nd period - Shot by Chandler Stephenson.
7:34 of 2nd period - Shot Misses the Net.
7:36 of 2nd period - Shot by Chandler Stephenson.
7:36 of 2nd period - Shot Misses the Net.
8:32 of 2nd period - Shot by Ryan Donato.
8:32 of 2nd period - Deflect By Michael McLeod.
8:32 of 2nd period - Stopped by Igor Shesterkin without a rebound.
8:33 of 2nd period - Kirby Dach wins face-off versus Ryan Donato in SAN FRANCISCO SPIDERS zone.
8:44 of 2nd period - Shot by Kyle Palmieri.
8:44 of 2nd period - Shot Blocked by Marc Staal.
9:20 of 2nd period - Icing by Brian Dumoulin.
9:21 of 2nd period - Bo Horvat wins face-off versus Ryan Donato in PORTLAND PIRATES zone.
10:29 of 2nd period - Shot by Zach Hyman.
10:29 of 2nd period - Deflect By Sebastian Aho.
10:29 of 2nd period - Shot Misses the Net.
10:35 of 2nd period - Shot by Zach Hyman.
10:35 of 2nd period - Shot Misses the Net.
10:37 of 2nd period - Shot by Zach Hyman.
10:37 of 2nd period - Stopped by Cameron Talbot without a rebound.
10:38 of 2nd period - Chandler Stephenson wins face-off versus Kirby Dach in PORTLAND PIRATES zone.
11:43 of 2nd period - Shot by Zach Hyman.
11:43 of 2nd period - Shot Misses the Net.
11:45 of 2nd period - Shot by Darnell Nurse.
11:45 of 2nd period - Shot Misses the Net.
11:47 of 2nd period - Shot by Zach Hyman.
11:47 of 2nd period - Shot Misses the Net.
11:49 of 2nd period - Shot by Sebastian Aho.
11:49 of 2nd period - Shot Blocked by Travis Hamonic.
11:51 of 2nd period - Shot by Andrei Svechnikov.
11:51 of 2nd period - Stopped by Cameron Talbot without a rebound.
11:52 of 2nd period - Michael McLeod wins face-off versus Viktor Arvidsson in PORTLAND PIRATES zone.
12:10 of 2nd period - Shot by Bo Horvat.
12:10 of 2nd period - Shot Misses the Net.
13:02 of 2nd period - Shot by Zach Hyman.
13:02 of 2nd period - Stopped by Cameron Talbot without a rebound.
13:03 of 2nd period - Mika Zibanejad wins face-off versus Kirby Dach in PORTLAND PIRATES zone.
13:10 of 2nd period - Shot by Travis Konecny.
13:10 of 2nd period - Stopped by Igor Shesterkin with a rebound.
13:12 of 2nd period - Shot by Travis Konecny.
13:12 of 2nd period - Stopped by Igor Shesterkin without a rebound.
13:13 of 2nd period - Mika Zibanejad wins face-off versus Sebastian Aho in SAN FRANCISCO SPIDERS zone.
13:15 of 2nd period - Travis Konecny is hit by Darnell Nurse and loses puck.
13:23 of 2nd period - Travis Konecny is hit by Brenden Dillon and loses puck.
13:26 of 2nd period - Shot by Mika Zibanejad.
13:26 of 2nd period - Shot Misses the Net.
13:28 of 2nd period - Shot by Marc Staal.
13:28 of 2nd period - Shot Misses the Net.
13:44 of 2nd period - Shot by Pavel Zacha.
13:44 of 2nd period - Shot Misses the Net.
13:49 of 2nd period - Minor Penalty to Darnell Nurse for Hooking.
13:50 of 2nd period - Yanni Gourde wins face-off versus Zach Hyman in SAN FRANCISCO SPIDERS zone.
14:52 of 2nd period - Shot by Jack Roslovic.
14:52 of 2nd period - Stopped by Cameron Talbot without a rebound.
14:53 of 2nd period - Robert Thomas wins face-off versus Zach Hyman in PORTLAND PIRATES zone.
15:00 of 2nd period - Erik Gudbranson is hit by Yanni Gourde and loses puck.
15:26 of 2nd period - Yanni Gourde is hit by Jack Roslovic and loses puck.
16:16 of 2nd period - Shot by Sam Lafferty.
16:16 of 2nd period - Stopped by Cameron Talbot without a rebound.
16:17 of 2nd period - Michael McLeod wins face-off versus Bo Horvat in PORTLAND PIRATES zone.
16:44 of 2nd period - Shot by Jared McCann.
16:44 of 2nd period - Stopped by Cameron Talbot with a rebound.
17:57 of 2nd period - Shot by Robert Thomas.
17:57 of 2nd period - Shot Misses the Net.
18:30 of 2nd period - Shot by Mika Zibanejad.
18:30 of 2nd period - Stopped by Igor Shesterkin without a rebound.
18:31 of 2nd period - Ryan Donato wins face-off versus Kirby Dach in SAN FRANCISCO SPIDERS zone.
19:39 of 2nd period - Shot by Bo Horvat.
19:39 of 2nd period - Stopped by Cameron Talbot without a rebound.
19:40 of 2nd period - Chandler Stephenson wins face-off versus Dakota Joshua in PORTLAND PIRATES zone.
19:40 of 2nd period - Chandler Stephenson is hit by Dakota Joshua.
19:55 of 2nd period - Eeli Tolvanen is hit by Travis Hamonic and loses puck.
Goals for this period are 0 for PORTLAND PIRATES vs 1 for SAN FRANCISCO SPIDERS.
Shots for this period are 10 for PORTLAND PIRATES vs 13 for SAN FRANCISCO SPIDERS.

3rd period


0:01 of 3rd period - Bo Horvat wins face-off versus Mika Zibanejad in neutral zone.
0:01 of 3rd period - Viktor Arvidsson is hit by Pavel Zacha and loses puck.
0:06 of 3rd period - Shot by Viktor Arvidsson.
0:06 of 3rd period - Stopped by Cameron Talbot with a rebound.
0:35 of 3rd period - Jared McCann is hit by Travis Hamonic and loses puck.
0:41 of 3rd period - Viktor Arvidsson is hit by Travis Hamonic.
0:43 of 3rd period - Shot by Bo Horvat.
0:43 of 3rd period - Stopped by Cameron Talbot without a rebound.
0:44 of 3rd period - Sebastian Aho wins face-off versus Chandler Stephenson in PORTLAND PIRATES zone.
0:56 of 3rd period - Icing by Chandler Stephenson.
0:57 of 3rd period - Chandler Stephenson wins face-off versus Kirby Dach in PORTLAND PIRATES zone.
1:18 of 3rd period - Minor Penalty to Yanni Gourde for Tripping.
1:19 of 3rd period - Michael McLeod wins face-off versus Sebastian Aho in PORTLAND PIRATES zone.
1:35 of 3rd period - Icing by Darnell Nurse.
1:36 of 3rd period - Michael McLeod wins face-off versus Sebastian Aho in SAN FRANCISCO SPIDERS zone.
1:44 of 3rd period - Icing by Brenden Dillon.
1:45 of 3rd period - Michael McLeod wins face-off versus Sebastian Aho in SAN FRANCISCO SPIDERS zone.
2:09 of 3rd period - Shot by Darnell Nurse.
2:09 of 3rd period - Shot Misses the Net.
2:11 of 3rd period - Shot by Brenden Dillon.
2:11 of 3rd period - Shot Blocked by Michael McLeod.
2:13 of 3rd period - Shot by Darnell Nurse.
2:13 of 3rd period - Stopped by Cameron Talbot without a rebound.
2:14 of 3rd period - Bo Horvat wins face-off versus Michael McLeod in PORTLAND PIRATES zone.
2:43 of 3rd period - Icing by Brock Faber.
2:44 of 3rd period - Michael McLeod wins face-off versus Bo Horvat in SAN FRANCISCO SPIDERS zone.
2:47 of 3rd period - Shot by Nathan Bastian.
2:47 of 3rd period - Shot Misses the Net.
3:49 of 3rd period - Shot by Mika Zibanejad.
3:49 of 3rd period - Shot Blocked by Brenden Dillon.
4:38 of 3rd period - Off-side.
4:39 of 3rd period - Chandler Stephenson wins face-off versus Sebastian Aho in neutral zone.
6:14 of 3rd period - Icing by Viktor Arvidsson.
6:15 of 3rd period - Mika Zibanejad wins face-off versus Bo Horvat in SAN FRANCISCO SPIDERS zone.
6:15 of 3rd period - Pavel Zacha is hit by Erik Gudbranson and loses puck.
6:22 of 3rd period - Shot by Travis Konecny.
6:22 of 3rd period - Shot Misses the Net.
6:24 of 3rd period - Shot by Mika Zibanejad.
6:24 of 3rd period - Shot Misses the Net.
6:30 of 3rd period - Shot by Pavel Zacha.
6:30 of 3rd period - Stopped by Igor Shesterkin without a rebound.
6:31 of 3rd period - Ryan Donato wins face-off versus Kirby Dach in SAN FRANCISCO SPIDERS zone.
6:37 of 3rd period - Minor Penalty to Nathan Bastian for Tripping.
6:38 of 3rd period - Bo Horvat wins face-off versus Michael McLeod in PORTLAND PIRATES zone.
6:39 of 3rd period - Shot by Viktor Arvidsson.
6:39 of 3rd period - Goal by Viktor Arvidsson - PORTLAND PIRATES : 1 - SAN FRANCISCO SPIDERS : 3.
6:40 of 3rd period - Bo Horvat wins face-off versus Mika Zibanejad in neutral zone.
7:08 of 3rd period - Jared McCann is hit by Travis Hamonic and loses puck.
7:14 of 3rd period - Minor Penalty to Travis Hamonic for Slashing.
7:15 of 3rd period - Michael McLeod wins face-off versus Sebastian Aho in PORTLAND PIRATES zone.
7:28 of 3rd period - Shot by Sebastian Aho.
7:28 of 3rd period - Shot Misses the Net.
8:25 of 3rd period - Shot by Bo Horvat.
8:25 of 3rd period - Shot Misses the Net.
8:27 of 3rd period - Shot by Bo Horvat.
8:27 of 3rd period - Shot Blocked by Brett Pesce.
8:29 of 3rd period - Shot by Viktor Arvidsson.
8:29 of 3rd period - Shot Blocked by Brett Pesce.
8:33 of 3rd period - Shot by Zach Hyman.
8:33 of 3rd period - Shot Misses the Net.
8:35 of 3rd period - Shot by Bo Horvat.
8:35 of 3rd period - Goal by Bo Horvat - PORTLAND PIRATES : 1 - SAN FRANCISCO SPIDERS : 4.
8:36 of 3rd period - Chandler Stephenson wins face-off versus Kirby Dach in neutral zone.
8:41 of 3rd period - Shot by Yanni Gourde.
8:41 of 3rd period - Stopped by Igor Shesterkin without a rebound.
8:42 of 3rd period - Kirby Dach wins face-off versus Chandler Stephenson in SAN FRANCISCO SPIDERS zone.
8:48 of 3rd period - Icing by Jacob Middleton.
8:49 of 3rd period - Mika Zibanejad wins face-off versus Kirby Dach in SAN FRANCISCO SPIDERS zone.
9:02 of 3rd period - Shot by Kyle Palmieri.
9:02 of 3rd period - Deflect By Jack Roslovic.
9:02 of 3rd period - Stopped by Cameron Talbot with a rebound.
9:14 of 3rd period - Shot by Kyle Palmieri.
9:14 of 3rd period - Deflect By Kirby Dach.
9:14 of 3rd period - Stopped by Cameron Talbot without a rebound.
9:15 of 3rd period - Bo Horvat wins face-off versus Chandler Stephenson in PORTLAND PIRATES zone.
9:24 of 3rd period - Shot by Bo Horvat.
9:24 of 3rd period - Stopped by Cameron Talbot without a rebound.
9:25 of 3rd period - Chandler Stephenson wins face-off versus Sebastian Aho in PORTLAND PIRATES zone.
9:25 of 3rd period - Chandler Stephenson is hit by Andrei Svechnikov.
9:33 of 3rd period - Shot by Yanni Gourde.
9:33 of 3rd period - Shot Blocked by Zach Hyman.
10:03 of 3rd period - Minor Penalty to Brett Pesce for Holding.
10:04 of 3rd period - Michael McLeod wins face-off versus Bo Horvat in PORTLAND PIRATES zone.
10:23 of 3rd period - Shot by Viktor Arvidsson.
10:23 of 3rd period - Stopped by Cameron Talbot without a rebound.
10:24 of 3rd period - Michael McLeod wins face-off versus Sebastian Aho in PORTLAND PIRATES zone.
11:03 of 3rd period - Shot by Andrei Svechnikov.
11:03 of 3rd period - Stopped by Cameron Talbot without a rebound.
11:04 of 3rd period - Bo Horvat wins face-off versus Yanni Gourde in PORTLAND PIRATES zone.
11:17 of 3rd period - Shot by Bo Horvat.
11:17 of 3rd period - Shot Misses the Net.
11:19 of 3rd period - Shot by Darnell Nurse.
11:19 of 3rd period - Shot Blocked by Marc Staal.
11:33 of 3rd period - Shot by Viktor Arvidsson.
11:33 of 3rd period - Shot Blocked by Brian Dumoulin.
11:35 of 3rd period - Shot by Zach Hyman.
11:35 of 3rd period - Shot Misses the Net.
11:37 of 3rd period - Shot by Darnell Nurse.
11:37 of 3rd period - Shot Blocked by Brian Dumoulin.
11:39 of 3rd period - Shot by Darnell Nurse.
11:39 of 3rd period - Shot Misses the Net.
12:34 of 3rd period - Travis Konecny is hit by Jacob Middleton and loses puck.
13:05 of 3rd period - Icing by Michael Anderson.
13:06 of 3rd period - Chandler Stephenson wins face-off versus Dakota Joshua in SAN FRANCISCO SPIDERS zone.
13:15 of 3rd period - Shot by Yanni Gourde.
13:15 of 3rd period - Shot Blocked by Michael Anderson.
13:25 of 3rd period - Shot by Robert Thomas.
13:25 of 3rd period - Shot Blocked by Brock Faber.
14:05 of 3rd period - Chandler Stephenson is hit by Jared McCann and loses puck.
14:49 of 3rd period - Shot by William Carrier.
14:49 of 3rd period - Deflect By Michael Amadio.
14:49 of 3rd period - Stopped by Igor Shesterkin without a rebound.
14:50 of 3rd period - Mika Zibanejad wins face-off versus Sebastian Aho in SAN FRANCISCO SPIDERS zone.
14:51 of 3rd period - Shot by Travis Konecny.
14:51 of 3rd period - Shot Blocked by Jacob Middleton.
14:53 of 3rd period - Shot by Travis Konecny.
14:53 of 3rd period - Stopped by Igor Shesterkin without a rebound.
14:54 of 3rd period - Mika Zibanejad wins face-off versus Andrei Svechnikov in SAN FRANCISCO SPIDERS zone.
15:00 of 3rd period - Pavel Zacha is hit by Erik Gudbranson and loses puck.
15:09 of 3rd period - Shot by Travis Konecny.
15:09 of 3rd period - Stopped by Igor Shesterkin with a rebound.
15:11 of 3rd period - Shot by Mika Zibanejad.
15:11 of 3rd period - Goal by Mika Zibanejad - PORTLAND PIRATES : 2 - SAN FRANCISCO SPIDERS : 4.
15:12 of 3rd period - Kirby Dach wins face-off versus William Carrier in neutral zone.
15:17 of 3rd period - Shot by Kirby Dach.
15:17 of 3rd period - Stopped by Cameron Talbot without a rebound.
15:18 of 3rd period - Michael McLeod wins face-off versus Bo Horvat in PORTLAND PIRATES zone.
16:36 of 3rd period - Andrei Svechnikov is hit by Nick Holden and loses puck.
16:52 of 3rd period - Icing by Sebastian Aho.
16:53 of 3rd period - Sebastian Aho wins face-off versus Robert Thomas in SAN FRANCISCO SPIDERS zone.
17:08 of 3rd period - Shot by Andrei Svechnikov.
17:08 of 3rd period - Deflect By Zach Hyman.
17:08 of 3rd period - Shot Blocked by Marc Staal.
17:28 of 3rd period - Shot by Robert Thomas.
17:28 of 3rd period - Shot Misses the Net.
17:44 of 3rd period - Icing by Marc Staal.
17:45 of 3rd period - Bo Horvat wins face-off versus Chandler Stephenson in PORTLAND PIRATES zone.
17:52 of 3rd period - Shot by Jared McCann.
17:52 of 3rd period - Stopped by Cameron Talbot without a rebound.
17:53 of 3rd period - Bo Horvat wins face-off versus Mika Zibanejad in PORTLAND PIRATES zone.
18:25 of 3rd period - Off-side.
18:26 of 3rd period - Sebastian Aho wins face-off versus Samuel Blais in neutral zone.
18:44 of 3rd period - Sebastian Aho is hit by Marc Staal and loses puck.
18:57 of 3rd period - Shot by Zach Hyman.
18:57 of 3rd period - Stopped by Cameron Talbot without a rebound.
18:58 of 3rd period - Bo Horvat wins face-off versus Mika Zibanejad in PORTLAND PIRATES zone.
19:11 of 3rd period - Shot by Mika Zibanejad.
19:11 of 3rd period - Shot Misses the Net.
19:13 of 3rd period - Shot by Travis Konecny.
19:13 of 3rd period - Stopped by Igor Shesterkin with a rebound.
19:15 of 3rd period - Shot by Mika Zibanejad.
19:15 of 3rd period - Stopped by Igor Shesterkin without a rebound.
19:16 of 3rd period - Andrei Svechnikov wins face-off versus Michael McLeod in SAN FRANCISCO SPIDERS zone.
19:33 of 3rd period - Shot by Zach Hyman.
19:33 of 3rd period - Stopped by Cameron Talbot without a rebound.
19:34 of 3rd period - Bo Horvat wins face-off versus Mika Zibanejad in PORTLAND PIRATES zone.
Goals for this period are 1 for PORTLAND PIRATES vs 2 for SAN FRANCISCO SPIDERS.
Shots for this period are 8 for PORTLAND PIRATES vs 14 for SAN FRANCISCO SPIDERS.


BRAD
MARCHAND
ANZE
KOPITAR
JAMIE
BENN

EAST COAST

HOCKEY LEAGUE

  • 69.QUE5CHW3
  • 70.CHA3TRV4
  • 71.PITRHI
  • 72.ATLWOR